 Dungeon Crawl Stone Soup version 0.14-a0-1097-gc7db7fc (webtiles) character file.

5520 PolkaDot the Conjurer (level 10, -1/63 HPs)
             Began as a Vampire Conjurer on Nov 26, 2013.
             Was a Believer of Vehumet.
             Slain by a spiny frog (10 damage)
             ... on Level 1 of the Lair of Beasts on Nov 28, 2013.
             The game lasted 01:07:09 (11470 turns).

PolkaDot the Conjurer (Vampire Conjurer)           Turns: 11470, Time: 01:07:09

HP  -1/63        AC  4     Str  5      XL: 10   Next: 33%
MP  19/26        EV 18     Int 18      God: Vehumet [**....]
Gold 374         SH  0     Dex 19      Spells:  5 memorised,  1 level left

rFire  . . .     SeeInvis +     j - staff of power
rCold  + + .     Clarity  .     r - +1 elf robe {MR+}
rNeg   + + +     Conserve .     (no shield)
rPois  +         rCorr    .     (no helmet)
rElec  .         rRot     +     i - +0 cloak
SustAb . .       Spirit   .     (no gloves)
rMut   .         Warding  .     (no boots)
Saprov . . .     Stasis   .     (no amulet)
                                (no ring)
                                h - cursed ring of hunger

@: non-regenerating, agile, very slightly contaminated, quite resistant to
hostile enchantments, very stealthy
A: bottle blood, fangs 3, see invisible, (berserk 0), (blink 0), dopey 1, (magic
resistance 0), weak 1, unbreathing
a: Bat Form, Bottle Blood, Renounce Religion


You were on level 1 of the Lair of Beasts.
You worshipped Vehumet.
Vehumet was pleased with you.
You were bloodless.

You visited 3 branches of the dungeon, and saw 12 of its levels.
You also visited: Sewer.

You collected 374 gold pieces.

Inventory:

Hand weapons
 b - a +1,+2 dagger of flaming
Armour
 i - a +0 cloak (worn)
 r - a +1 elven robe of magic resistance (worn)
 F - the +4 leather armour of Proximity {Dex-5, unknown}
   (You found it on level 1 of the Lair of Beasts)

   It affects your dexterity (-5).
Magical devices
 w - a wand of magic darts (5)
 x - a wand of frost (24)
 E - a wand of confusion (9) {unknown}
Scrolls
 a - a scroll of remove curse
 d - a scroll of curse jewellery {unknown}
 f - 3 scrolls of magic mapping
 g - a scroll of enchant armour {unknown}
 k - 2 scrolls of fog
 m - a scroll of fear
 n - 3 scrolls of enchant weapon I
 p - a scroll of teleportation
 q - 2 scrolls of curse armour {unknown}
 u - a scroll of recharging
 y - a scroll of enchant weapon II {unknown}
 B - 2 scrolls of immolation
 C - a scroll of amnesia {unknown}
Jewellery
 h - a cursed ring of hunger (left hand)
Potions
 o - a potion of restore abilities
 z - 2 potions of flight
 A - 2 potions of might
 D - 2 potions of curing
Books
 c - a book of Conjurations

   Spells                             Type                      Level
   *Magic Dart                        Conjuration                  1
   *Searing Ray                       Conjuration                  2
   Dazzling Spray                     Conjuration/Hexes            3
   *Iskenderun's Mystic Blast         Conjuration                  4
   Iskenderun's Battlesphere          Conjuration/Charms           4
   Fulminant Prism                    Conjuration/Hexes            5
 G - a book of Death

   Spells                             Type                      Level
   Corpse Rot                         Necromancy                   2
   Sublimation of Blood               Necromancy                   2
   Agony                              Necromancy                   5
   Dispel Undead                      Necromancy                   5
   Excruciating Wounds                Charms/Necromancy            5
   Bolt of Draining                   Conjuration/Necromancy       5
Magical staves
 j - an uncursed staff of power (weapon)
 v - an uncursed staff of cold


   Skills:
 - Level 2.1 Dodging
 - Level 3.0 Stealth
 - Level 1.0 Spellcasting
 * Level 11.1 Conjurations
 + Level 6.2 Air Magic


You had one spell level left.
You knew the following spells:

 Your Spells              Type           Power        Failure   Level  Hunger
a - Throw Flame           Conj/Fire      ###...       3%          2    ###....
d - Iskenderun's Mystic   Conj           #####...     2%          4    #####..
s - Searing Ray           Conj           #####.       1%          2    ###....
z - Magic Dart            Conj           ####         1%          1    ##.....
A - Shock                 Conj/Air       ####         1%          1    ##.....


Dungeon Overview and Level Annotations

Branches:
Dungeon (9/16)             Temple (1/1) D:5            Lair (2/8) D:8
    Orc: D:9-12

Altars:
Ashenzari
Cheibriados
Elyvilon
Kikubaaqudgha
Makhleb
Nemelex Xobeh
Okawaru
Sif Muna
Trog
Vehumet
Xom
Yredelemnul
Zin
the Shining One

Shops:
D:4 /


Innate Abilities, Weirdness & Mutations

You do not heal naturally.
You can bottle blood from corpses.
You have razor-sharp teeth.*
You have supernaturally acute eyesight.
You can survive without breathing.*
((You tend to lose your temper in combat.))+ ((You can translocate small distances at will.))+ You are dopey. (Int -2)
((You are resistant to hostile enchantments.))+ You are weak. (Str -2)


Message History

Drink which item? (? for menu, Esc to quit)
You feel more agile all of a sudden. The spiny frog barely misses you.
Drink which item? (? for menu, Esc to quit)
Okay, then.
Use which ability? (? or * to list) Turning into a bat will reduce your strength to zero.
Continue?
Okay, then.
Unknown command.
Drink which item? (? for menu, Esc to quit)
Magic courses through your body. The spiny frog closely misses you.
Casting: Iskenderun's Mystic Blast
Confirm with . or Enter, or press ? or * to list all spells.
Aiming: Iskenderun's Mystic Blast
Press: ? - help, Shift-Dir - straight line, f/p - spiny frog
Aim: a spiny frog (severely wounded)
The orb of energy hits the spiny frog.
The spiny frog is severely wounded.
The orb of energy explodes!
The spiny frog stings you!
You die...

.###### ####f#.###.###### ####
......####..#............#####.##
......'...#F#.#####..P#.##.##....
.%....###.#.#.#.......#.#...+....
......# #.+.#.#..##.....#..##....
......# ###...#.....#.#.+.###....
......# #.....#####.#..## #....
..=...# #....F....#...## ###.#
......# ##.+##@#.###### ###...
####### ##......# #...## #
######.# ##..### ## ######'####
#...#P# .# #.........######.....
.## #..........#f###..... ..###
#.........+....#..... #...##
##.........###........ ##.#.##
#..........# ####.....


You could see a spiny frog.

Vanquished Creatures
  3 spiny frogs (Lair:1)
  A fire drake (D:8)
  2 blink frogs (Lair:1)
  2 hippogriffs
  Edmund (D:7)
  Menkaure (D:6)
  A porcupine (Lair:1)
  A necrophage (D:9)
  An orc warrior (D:7)
  2 ice beasts
  3 centaurs
  Duvessa (D:7)
  A giant slug (Lair:1)
  4 giant frogs
  A water moccasin (Lair:1)
  4 killer bees (D:8)
  4 wights (D:7)
  Dowan (D:7)
  A giant frog zombie (D:5)
  A goliath beetle (D:6)
  3 hounds
  2 iguanas (Lair:1)
  8 crimson imps
  A gnoll shaman (D:8)
  7 orc wizards
  4 orc priests
  4 scorpions
  8 worker ants
  An ogre skeleton (D:6)
  10 gnolls
  18 adders
  A green rat (D:3)
  2 worms
  5 giant mites
  An inept feature mimic (D:6)
  18 grey rats (Sewer)
  8 giant geckos
  4 oozes
  16 orcs
  17 bats
  7 giant cockroaches
  14 goblins
  10 hobgoblins
  13 jackals
  13 kobolds
  7 quokkas
  13 ball pythons
  6 giant newts
  A giant spore (D:6)
  A hobgoblin skeleton (D:7)
  A jackal zombie (D:8)
  An orc skeleton (D:5)
  23 rats
  2 rat skeletons
286 creatures vanquished.

Notes
Turn   | Place    | Note
--------------------------------------------------------------
     0 | D:1      | PolkaDot, the Vampire Conjurer, began the quest for the Orb.
     0 | D:1      | Reached XP level 1. HP: 13/13 MP: 4/4
   286 | D:1      | Reached XP level 2. HP: 19/19 MP: 1/5
   967 | D:2      | Learned a level 2 spell: Searing Ray
   975 | D:2      | Reached XP level 3. HP: 24/24 MP: 6/6
  1103 | D:2      | Reached skill level 4 in Conjurations
  1329 | D:2      | Reached XP level 4. HP: 25/30 MP: 4/8
  2022 | D:3      | Reached XP level 5. HP: 29/35 MP: 4/9
  2125 | D:3      | Found a glowing drain.
  2159 | Sewer    | Entered a sewer
  2198 | Sewer    | Reached skill level 5 in Conjurations
  2881 | Sewer    | Reached XP level 6. HP: 25/41 MP: 6/10
  2956 | Sewer    | Reached skill level 6 in Conjurations
  3358 | D:3      | Reached XP level 7. HP: 21/46 MP: 2/11
  3697 | D:3      | Learned a level 4 spell: Iskenderun's Mystic Blast
  4350 | D:4      | Reached skill level 7 in Conjurations
  4381 | D:4      | Found Schir's Magical Wand Shoppe.
  4555 | D:4      | Found an iron altar of Okawaru.
  4877 | D:5      | Entered Level 5 of the Dungeon
  4955 | D:5      | Found a staircase to the Ecumenical Temple.
  5056 | D:5      | HP: 2/46 [poisoned by a scorpion]
  5061 | D:5      | HP: 2/46 [poisoned by a scorpion]
  5065 | D:5      | Gained mutation: You tend to lose your temper in combat. [potion of mutation]
  5065 | D:5      | Gained mutation: You are weak. (Str -2) [potion of mutation]
  5162 | Temple   | Entered the Ecumenical Temple
  5279 | Temple   | Became a worshipper of Vehumet
  5309 | D:5      | Reached XP level 8. HP: 12/52 MP: 8/13
  5821 | D:5      | Reached skill level 8 in Conjurations
  6297 | D:6      | Found a burning altar of Makhleb.
  6501 | D:6      | Noticed Menkaure
  6504 | D:6      | Killed Menkaure
  6815 | D:6      | Acquired Vehumet's first power
  6815 | D:6      | Offered knowledge of Shock by Vehumet.
  6818 | D:6      | Learned a level 1 spell: Shock
  7055 | D:7      | Reached skill level 1 in Air Magic
  7112 | D:7      | Noticed Edmund
  7113 | D:7      | Found a shimmering altar of Xom.
  7134 | D:7      | Reached skill level 9 in Conjurations
  7324 | D:7      | Killed Edmund
  7528 | D:7      | Reached XP level 9. HP: 41/57 MP: 2/14
  7793 | D:7      | Gained mutation: You are resistant to hostile enchantments. [potion of mutation]
  7793 | D:7      | Gained mutation: You are dopey. (Int -2) [potion of mutation]
  7793 | D:7      | Gained mutation: You can translocate small distances at will. [potion of mutation]
  7904 | D:7      | Noticed Duvessa
  7904 | D:7      | Noticed Dowan
  7929 | D:7      | Killed Duvessa
  8040 | D:7      | Killed Dowan
  8118 | D:7      | Offered knowledge of Sting by Vehumet.
  8414 | D:8      | Found a staircase to the Lair.
  8420 | D:8      | Noticed a fire drake
  8476 | D:8      | Killed a fire drake
  8522 | D:8      | Found a bloodstained altar of Trog.
  8844 | D:8      | Reached skill level 10 in Conjurations
  9678 | D:9      | Reached skill level 5 in Air Magic
  9731 | D:8      | Offered knowledge of Throw Flame by Vehumet.
  9842 | Lair:1   | Entered Level 1 of the Lair of Beasts
  9929 | Lair:1   | Noticed a spiny frog
 10059 | Lair:1   | Got a shimmering glass ring
 10060 | Lair:1   | Identified the ring of the Forsaken Songs {rF+ Int-3} (You found it on level 1 of the Lair of Beasts)
 10212 | Lair:1   | Learned a level 2 spell: Throw Flame
 10284 | Lair:1   | Reached XP level 10. HP: 59/63 MP: 10/15
 10466 | Lair:1   | Noticed a spiny frog
 10474 | Lair:1   | Noticed a spiny frog
 10492 | Lair:1   | Killed a spiny frog
 10803 | Lair:1   | Got a warped leather armour
 10832 | Lair:1   | HP: 1/63 [spiny frog (16)]
 11125 | Lair:1   | Killed a spiny frog
 11125 | Lair:1   | Reached skill level 11 in Conjurations
 11276 | Lair:1   | Noticed a five-headed hydra
 11470 | Lair:1   | Slain by a spiny frog

Action                   |  1- 3 |  4- 6 |  7- 9 | 10-12 || total
-------------------------+-------+-------+-------+-------++-------
Melee: Unarmed           |     7 |       |       |       ||     7
       Dagger            |    13 |   183 |   109 |       ||   305
       Staff             |       |    10 |    53 |       ||    63
 Cast: Magic Dart        |    35 |     2 |    44 |     1 ||    82
       Searing Ray       |     5 |    20 |    99 |     5 ||   129
       Iskenderun's Myst |       |       |    13 |    34 ||    47
       Throw Flame       |       |       |     1 |       ||     1
       Shock             |       |       |     1 |       ||     1
 Abil: Bottle Blood      |       |     3 |    47 |       ||    50
Evoke: Wand              |       |       |     1 |       ||     1
  Use: Potion            |     1 |     8 |    65 |     7 ||    81
       Scroll            |       |     3 |    22 |     2 ||    27
 Stab: Sleeping          |     6 |     5 |     6 |       ||    17
